 Dungeon Crawl Stone Soup version 0.28-a0-476-g0f06bd746f (webtiles) character file.

Game seed: 13427077694181975013

217 bande the Covered (level 5, 0/33 HPs)
             Began as a Gargoyle Fighter on Sept 16, 2021.
             Splashed by a jelly's acid (2 damage)
             ... on level 3 of the Dungeon.
             The game lasted 00:03:53 (2364 turns).

bande the Covered (Gargoyle Fighter)                Turns: 2364, Time: 00:03:54

Health: 0/33       AC:  7    Str: 20    XL:     5   Next: 94%
Magic:  5/5        EV:  9    Int:  8    God:
Gold:   87         SH:  4    Dex: 10    Spells: 4/4 levels left

rFire   . . .      SeeInvis .   e - +3 broad axe "Isany" {vorpal, rC+ Stlth+}
rCold   + . .      Faith    .   c - +0 buckler
rNeg    + . .      Spirit   .   b - +0 scale mail
rPois   ∞          Reflect  .   (no helmet)
rElec   +          Harm     .   (no cloak)
rCorr   .          Rampage  .   (no gloves)
Will    .....                   (no boots)
Stlth   +.........              (no amulet)
HPRegen 0.11/turn               (no ring)
MPRegen 0.09/turn               (no ring)

@: weak-willed, corroded
A: sickness immunity, AC +4, negative energy resistance 1, electricity
resistance, torment resistance 1, petrification resistance
a: no special abilities


You were on level 3 of the Dungeon.
You visited 1 branch of the dungeon, and saw 3 of its levels.

You collected 87 gold pieces.

Inventory:

Hand Weapons
 a - a +0 war axe
 e - the +3 broad axe "Isany" (weapon) {vorpal, rC+ Stlth+}
   (You acquired it on level 3 of the Dungeon)

   It inflicts extra damage upon your enemies.
   rC:        It protects you from cold.
   Stlth:     It makes you more stealthy.
 i - a +0 flail
Armour
 b - a +0 scale mail (worn)
 c - a +0 buckler (worn)
Scrolls
 j - 3 scrolls of summoning {unknown}
 k - 3 scrolls of immolation {unknown}
 n - a scroll of torment {unknown}
 o - a scroll of blinking {unknown}
Potions
 d - a potion of might
 l - a potion of flight
 m - a potion of haste


   Skills:
 + Level 4.1 Fighting
 + Level 3.7 Axes
 + Level 4.4 Armour
 + Level 4.1 Shields


You had 4 spell levels left.
You didn't know any spells.
Your spell library was empty.

Dungeon Overview and Level Annotations

Branches:
Dungeon (3/15)

Altars:


Innate Abilities, Weirdness & Mutations

You are immune to sickness and miasma.
Your stone body is resilient. (AC +4)
You are immune to poison.
You resist negative energy. (rN+)
You are resistant to electric shocks. (rElec)
You are resistant to unholy torment.
You are immune to petrification.


Message History

Unknown command.
The orc shouts!
You barely miss the orc. You block the orc's attack.
An endoplasm comes into view.
The orc closely misses you. The orc hits you but does no damage.
Unknown command.
You completely miss the orc. You slash the orc!
You kill the orc!
The orc hits you with a +0 club.
A jelly comes into view.
Unknown command.
You closely miss the orc.
The jelly quivers.
The orc hits you with a +0 hand axe.
You closely miss the orc. You hit the orc.
A dart slug comes into view.
The orc hits you with a +0 hand axe. You block the orc's attack.
Unknown command.
You slash the orc!
You kill the orc!
You slash the orc!
You kill the orc!
The orc priest invokes the aid of Beogh against you.
Beogh smites you!
You closely miss the orc. You barely miss the jelly.
You block the jelly's attack. The orc hits you but does no damage.
The jelly barely misses you.
The orc priest looks braver for a moment.
The orc hits you but does no damage.
You barely miss the orc. You hit the jelly. The acid corrodes you!
Your hands burn!
The jelly hits you.
* * * LOW HITPOINT WARNING * * *
You are splashed with acid!
* * * LOW HITPOINT WARNING * * *
The orc hits you but does no damage.
Unknown command.
You slash the orc!
You kill the orc!
You hit the jelly but do no damage.
Your hands burn!
You die...

##.........
#######............)...
............###.......
............ #.......
........... #....)..
.......... ##...<..


oJ..... .......... #)Jw# .[........ ##@# ..##.###.. #..# .. #. #.# #..## #. ..#
#..# .## #.# ... ... #... #.. You could see a jelly, an orc priest, a dart slug
and an endoplasm.

Vanquished Creatures
  A phantom (D:2)
  An iguana (D:2)
  An orc wizard (D:2)
  A howler monkey zombie (D:3)
  2 adders (D:2)
  A worm (D:2)
  A dart slug (D:1)
  8 orcs
  3 endoplasms (D:1)
  2 giant cockroaches
  5 goblins
  4 hobgoblins
  3 jackals (D:2)
  2 kobolds
  3 quokkas
  6 ball pythons
  3 bats
  2 frilled lizards (D:1)
  4 rats
53 creatures vanquished.

Notes
Turn   | Place    | Note
-------+----------+-------------------------------------------
     0 | D:1      | bande the Gargoyle Fighter began the quest for the Orb.
     0 | D:1      | Reached XP level 1. HP: 14/14 MP: 1/1
   171 | D:1      | Reached XP level 2. HP: 16/19 MP: 2/2
   508 | D:1      | Noticed a great orb of eyes
   510 | D:1      | Found a faded altar of an unknown god.
   511 | D:1      | Noticed a great orb of eyes
   511 | D:1      | Noticed a golden eye
   511 | D:1      | Noticed a shining eye
   815 | D:1      | Reached XP level 3. HP: 23/23 MP: 3/3
  1227 | D:2      | Reached XP level 4. HP: 7/29 MP: 4/4
  1659 | D:2      | Noticed a phantom
  1670 | D:2      | Killed a phantom
  1671 | D:2      | Reached XP level 5. HP: 14/33 MP: 5/5
  2353 | D:3      | Identified a scroll of acquirement
  2353 | D:3      | Acquired the +3 broad axe "Isany" {vorpal, rC+ Stlth+}
  2364 | D:3      | Splashed by a jelly's acid

Illustrated notes

Levels and vault maps discovered:
D:1:      minmay_arrival_stone_box, layout_basic,
          hellmonk_ecumenical_altar_watching_god,
          wander_ebering_terrifying_dragon_lair
D:2:      layout_rooms
D:3:      layout_rooms, uniq_robin, uniq_crazy_yiuf_cottage

Skill      XL: |  1  2  3  4  5 |
---------------+----------------+-----
Axes           | 2 3 |  3.7
Armour         | 4 |  4.4
Shields        | 4 |  4.1
Fighting       | 4 |  4.1

Action                   |  1- 3 |  4- 6 || total
-------------------------+-------+-------++-------
Melee: War axe           |    90 |    62 ||   152
       Broad axe         |       |     8 ||     8
  Use: Potion            |     1 |       ||     1
       Scroll            |       |     5 ||     5
Armor: Scale mail        |    44 |    44 ||    88
       Skin              |     1 |       ||     1
Dodge: Dodged            |    40 |    35 ||    75
Block: Buckler           |    26 |    13 ||    39

Table legend: (Time is in decaauts)
 A = Elapsed time spent in this place.
 B = Non-inter-level travel time spent in this place.
 C = Inter-level travel time spent in this place.
 D = Time resting spent in this place.
 E = Time spent auto-exploring this place.
 F = Levels seen in this place.
 G = Mean time per level.
                   A        B        C        D        E       F      G
               +--------+--------+--------+--------+--------+-----+--------+
         Total |   2424 |   2424 |      0 |    761 |   1195 |   3 |  808.0 |
       Dungeon |   2424 |   2424 |      0 |    761 |   1195 |   3 |  808.0 |
               +--------+--------+--------+--------+--------+-----+--------+

Top non-repeatable levels by time:
     D:1: 1212 daAuts
     D:2: 1131 daAuts
     D:3: 80 daAuts
